 Dungeon Crawl Stone Soup version 0.30-a0-719-gcc4359ea44 (webtiles) character file.

Game seed: 16031886181245063593

175 retardedninja the Shield-Bearer (level 5, -3/47 HPs)
             Began as a Minotaur Fighter on Jan 26, 2023.
             Slain by a mummy (15 damage)
             ... in an ossuary.
             The game lasted 00:03:04 (2462 turns).

retardedninja the Shield-Bearer (Minotaur Fighter)  Turns: 2462, Time: 00:03:04

Health: -3/47      AC: 12    Str: 22    XL:     5   Next: 29%
Magic:  4/4        EV:  9    Int:  5    God:
Gold:   207        SH:  5    Dex: 10    Spells: 4/4 levels left

rFire   . . .      SeeInvis .    a - +0 war axe
rCold   + . .      Faith    .    c - +0 buckler
rNeg    . . .      Spirit   .    q - +1 scale mail {rC+}
rPois   .          Reflect  .    (helmet restricted)
rElec   .          Harm     .    (no cloak)
rCorr   .          Rampage  .    o - +0 pair of gloves
Will    .....                    k - +2 pair of boots Stlth
                                 (no amulet)
HPRegen 0.27/turn                (no ring)
MPRegen 0.09/turn                (no ring)

@: mighty, brilliant
A: horns 2, retaliatory headbutt
a: no special abilities


You were in an ossuary.
You visited 1 branch of the dungeon, and saw 4 of its levels.
You also visited: Ossuary.

You collected 207 gold pieces.

Inventory:

Hand Weapons
 a - a +0 war axe (weapon)
Armour
 b - a +0 scale mail
 c - a +0 buckler (worn)
 k - a +2 pair of boots (worn)
 o - a +0 pair of gloves (worn)
 q - a +1 scale mail of cold resistance (worn)
Jewellery
 l - a ring of ice
Wands
 r - a wand of iceblast (5)
Scrolls
 e - 2 scrolls of teleportation {unknown}
 f - 2 scrolls of enchant armour {unknown}
 g - a scroll of vulnerability {unknown}
 h - 4 scrolls of identify {unknown}
 i - 2 scrolls of amnesia {unknown}
 j - a scroll of butterflies {unknown}
 n - 2 scrolls of blinking {unknown}
 t - a scroll of fog {unknown}
Potions
 m - 3 potions of attraction


   Skills:
 + Level 4.7 Fighting
 + Level 3.9 Axes
 + Level 4.7 Armour
 + Level 4.9 Shields


You had 4 spell levels left.
You didn't know any spells.
Your spell library contained the following spells:

 Spells                   Type           Power      Damage    Failure   Level
 Sandblast                Erth           0%         2d4       86%         1
 Passwall                 Tmut/Erth      0%         N/A       95%         2
 Stone Arrow              Conj/Erth      0%         3d7       99%         3


Dungeon Overview and Level Annotations

Branches:
Dungeon (4/15)            Ossuary (1/1)
 Temple: D:4-7

Altars:

Shops:
D:3 [

Annotations:
D:3 2 transporters, Laraso's ghost, amateur DjIE Ossuary Menkaure


Innate Abilities, Weirdness & Mutations

You have a pair of horns on your head.
You reflexively headbutt those who attack you in melee.


Message History

You hit the adder zombie.
The adder zombie is almost destroyed.
The adder zombie closely misses you. The adder zombie barely misses you.
An adder zombie is nearby!
You hit the adder zombie.
You destroy the adder zombie!
You open the door.
There is an open door here.
You open the door.
Menkaure and 4 mummies come into view.
Menkaure shouts!
Found ten items.
Found a gate leading back out of this place.
There are monsters nearby!
Found three items.
There is an open door here.
There are monsters nearby!
There is a click, and some walls slide away!
There are monsters nearby!
You barely miss the mummy. You headbutt the mummy.
The mummy is moderately damaged.
Menkaure calls on the powers of darkness!
Your body is wracked with pain!
The mummy barely misses you.
You hit the mummy but do no damage. Your headbutt misses the mummy.
The mummy is moderately damaged.
You barely miss the mummy. You closely miss the mummy.
You feel very mighty all of a sudden. The mummy hits you but does no damage.
Menkaure hits you but does no damage. The mummy hits you but does no damage.
The mummy hits you!
* * * LOW HITPOINT WARNING * * *
The mummy hits you!
* * * LOW HITPOINT WARNING * * *
Okay, then.
It was a potion of brilliance.
You feel clever all of a sudden. Menkaure hits you but does no damage.
It was a potion of curing.
You feel better.
The mummy hits you but does no damage. x2; The mummy hits you!
You die...

######.#..#
#....#....#.'..# .
#....#....###..# ..
#....#....#.#..# ...
#.........'.#..#
....#......####.'..#
..............###..#
.......M......'.#..#
.../!!.@M.....#.#..#
..!?$?MMM'....#.'..#
..?$∩$!..########..#
..?!$??... #..#
...???..... #..#
............ +..#
............. #..#
....#......### #..#
...#....... #..#


You could see Menkaure and 4 mummies.

Vanquished Creatures
  An orc wizard (D:3)
  Ijyb (D:3)
  5 adders
  An adder zombie (Ossuary)
  3 worms
  2 dart slugs
  6 orcs
  6 ball pythons
  An endoplasm (D:1)
  2 giant cockroaches
  5 goblins
  3 hobgoblins
  4 quokkas
  6 bats
  A gnoll zombie (Ossuary)
  A goblin zombie (Ossuary)
  4 kobolds (D:3)
  3 kobold zombies (Ossuary)
  7 rats
62 creatures vanquished.

Vanquished Creatures (others)
  37 plants (D:2)
37 creatures vanquished.

Grand Total: 99 creatures vanquished

Notes
Turn   | Place    | Note
-------+----------+-------------------------------------------
     0 | D:1      | retardedninja the Minotaur Fighter began the quest for the
                  | Orb.
     0 | D:1      | Reached XP level 1. HP: 19/19 MP: 0/0
   103 | D:1      | Reached XP level 2. HP: 22/27 MP: 1/1
   983 | D:2      | Reached XP level 3. HP: 24/33 MP: 2/2
  1172 | D:2      | Found a faded altar of an unknown god.
  1622 | D:3      | Reached XP level 4. HP: 35/41 MP: 3/3
  1656 | D:3      | Found a transporter.
  1671 | D:3      | Noticed Laraso's ghost (amateur DjIE)
  1674 | D:3      | Found a transporter.
  2165 | D:3      | Noticed Ijyb
  2172 | D:3      | Killed Ijyb
  2173 | D:3      | Reached XP level 5. HP: 46/47 MP: 4/4
  2340 | D:3      | Found Vaxkepn's Armour Emporium.
  2381 | D:4      | Found a sand-covered staircase.
  2394 | Ossuary  | Entered an ossuary
  2454 | Ossuary  | Noticed Menkaure
  2462 | Ossuary  | Slain by a mummy

Illustrated notes

Levels and vault maps discovered:
D:1:      sevenhm_arrival_forest_fort_large_4, layout_rooms,
          hangedman_decor_push
D:2:      minmay_wonky_spiral, layout_loops_ring,
          nicolae_ecumenical_snake_handling, serial_bayou, serial_bayou_pond_c,
          serial_bayou_lagoon_a, serial_bayou_shore_a, serial_bayou_pond_b,
          chequers_serial_rivers_small_b
D:3:      layout_basic, serial_shops, nicolae_shop_behind_doors,
          gammafunk_ghost_arena, uniq_ijyb
D:4:      kennysheep_six_static_rooms, layout_basic, tgw_sif,
          minmay_temple_entry_mini_moons, nicolae_ossuary_entry_false_entrances,
          uniq_pikel, uniq_crazy_yiuf_cottage
Ossuary:  ossuary_boxes_badplayer

Skill      XL: |  1  2 |
---------------+-------+-----
Fighting       | 4 |  4.7
Armour         | 4 |  4.7
Shields        | 4 |  4.9
Axes           | 3 |  3.9

Action                     |  1- 3 |  4- 6 || total
---------------------------+-------+-------++-------
  Melee: War axe           |    76 |    65 ||   141
         Headbutt          |     5 |    11 ||    16
    Use: Potion            |       |     6 ||     6
 Armour: Scale mail        |    40 |    41 ||    81
  Dodge: Dodged            |    35 |    29 ||    64
  Block: Buckler           |    18 |    15 ||    33

Table legend: (Time is in decaauts)
 A = Elapsed time spent in this place.
 B = Non-inter-level travel time spent in this place.
 C = Inter-level travel time spent in this place.
 D = Time resting spent in this place.
 E = Time spent auto-exploring this place.
 F = Levels seen in this place.
 G = Mean time per level.
                   A        B        C        D        E       F      G
               +--------+--------+--------+--------+--------+-----+--------+
         Total |   2550 |   2434 |    116 |    348 |   1654 |   5 |  510.0 |
       Dungeon |   2477 |   2361 |    116 |    348 |   1614 |   4 |  619.2 |
       Ossuary |     73 |     73 |      0 |      0 |     40 |   1 |   73.0 |
               +--------+--------+--------+--------+--------+-----+--------+

Top non-repeatable levels by time:
     D:2: 1038 daAuts
     D:3: 777 daAuts
     D:1: 640 daAuts
 Ossuary: 73 daAuts
     D:4: 19 daAuts
